Map: Abiogenesis LE

Players

DnS

  • Race: Protoss Protoss
  • Spawn Location: 11:00

MaSa - Winner!

  • Race: Terran Terran
  • Spawn Location: 5:00

Event: WCS Leipzig 2018

VOD

Have the link to the VOD?

Description

Time

  • Played on: Jan. 26, 2018, 2:11 p.m.
  • Length: 10:28

All games in this series

Show
View Real Time Build Order
Export as new Build Order

DnS Protoss 

Build Orders: 1 Gate Expand, Oracle Opening 

Get SALT Encoding   

  12  0:00  Probe  
  13  0:12  Probe  
  14  0:17  Pylon  
  14  0:24  Probe (Chrono Boost)  
  15  0:36  Probe (Chrono Boost), Gateway  
  16  0:44  Probe (Chrono Boost)  
  16  0:46  Assimilator  
  17  0:51  Probe  
  18  1:03  Probe  
  19  1:15  Probe  
  20  1:25  Nexus  
  20  1:33  Cybernetics Core  
  20  1:36  Probe  
  21  1:42  Assimilator  
  21  1:48  Probe  
  21  1:52  Pylon  
  22  2:00  Probe  
  23  2:08  Adept (Chrono Boost)  
  23  2:12  Probe  
  26  2:19  Stargate  
  26  2:24  Probe  
  28  2:37  Probe (Chrono Boost), Stalker (Chrono Boost)  
  28  2:40  Warp Gate (Chrono Boost)  
  28  2:42  Probe (Chrono Boost)  
  30  2:46  Probe (Chrono Boost)  
  30  2:50  Probe (Chrono Boost)  
  32  2:51  Probe (Chrono Boost)  
  33  3:00  Probe  
  33  3:03  Probe  
  33  3:05  Oracle (Chrono Boost)  
  35  3:11  Pylon  
  38  3:13  Probe  
  38  3:15  Probe  
  40  3:25  Probe  
  41  3:27  Probe  
  41  3:30  Gateway  
  41  3:32  Gateway  
  41  3:33  Stalker  
  44  3:38  Probe  
  44  3:39  Probe  
  46  3:43  Oracle (Chrono Boost)  
  49  3:50  Probe, Pylon  
  49  3:53  Probe  
  51  4:00  Assimilator  
  51  4:03  Probe  
  51  4:05  Probe  
  52  4:15  Probe  
  53  4:17  Probe  
  53  4:18  Pylon  
  54  4:27  Probe  
  54  4:29  Probe  
  56  4:39  Probe  
  56  4:40  Pylon  
  56  4:41  Probe  
  56  4:42  Stalker x3  
  56  4:44  Nexus  
  64  4:46  Pylon  
  64  4:51  Probe  
  65  4:53  Probe  
  66  5:03  Probe  
  66  5:05  Probe  
  68  5:09  Twilight Council  
  68  5:10  Forge  
  68  5:12  Sentry x3  
  74  5:15  Probe  
  74  5:18  Probe  
  74  5:27  Probe  
  75  5:30  Probe  
  75  5:32  Pylon  
  75  5:35  Adept x3  
  78  5:40  Probe, Protoss Ground Armor Level 1 (Chrono Boost)  
  78  5:42  Probe  
  84  5:44  Charge (Chrono Boost)  
  76  5:55  Stalker x3  
  57  6:16  Pylon  
  53  6:19  Stalker x3, Gateway  
  57  6:28  Gateway  
  57  6:29  Gateway  
  57  6:31  Robotics Facility  
  57  6:42  Zealot x3  
  58  6:51  Pylon  
  58  6:53  Pylon  
  54  7:01  Assimilator  
  54  7:02  Zealot x3  
  49  7:18  Zealot  
  49  7:19  Immortal  
  45  7:23  Zealot x3  
  45  7:27  Zealot  
  45  7:28  Zealot  
  49  7:32  Protoss Ground Armor Level 2 (Chrono Boost)  
  49  7:34  Probe x2  
  49  7:36  Probe  
  52  7:44  Sentry, Zealot  
  52  7:45  Zealot  
  52  7:48  Probe (Chrono Boost)  
  52  7:49  Probe (Chrono Boost)  
  52  7:50  Probe (Chrono Boost)  
  61  7:55  Sentry x2  
  67  7:59  Probe (Chrono Boost)  
  67  8:02  Probe x2 (Chrono Boost)  
  67  8:04  Probe (Chrono Boost)  
  68  8:11  Probe x2  
  68  8:12  Zealot x3  
  75  8:15  Probe  
  76  8:23  Probe, Gateway  
  76  8:25  Zealot  
  76  8:26  Zealot  
  81  8:28  Probe  
  81  8:29  Probe  
  81  8:34  Zealot x2  
  83  8:43  Probe  
  83  8:45  Probe  
  83  8:48  Probe  
  65  8:49  Stalker  
  65  8:59  Probe x2  
  65  9:00  Probe  
  65  9:02  Warp Prism  
  70  9:08  Sentry  
  72  9:12  Zealot x2  
  78  9:19  Zealot  
  78  9:24  Zealot x2  
  78  9:30  Zealot  
  84  9:35  Zealot x3  
  88  9:44  Stalker  
  85  9:49  Zealot x2  
  79  10:01  Zealot  
  79  10:02  Stalker x3  
  75  10:15  Zealot x3  
Show
View Real Time Build Order
Export as new Build Order

MaSa Terran - Winner!

Build Orders: Reaper Expand, MMM Bio 

Get SALT Encoding   

  12  0:00  SCV  
  13  0:13  SCV  
  14  0:17  Supply Depot  
  14  0:25  SCV  
  15  0:38  SCV  
  15  0:39  Barracks  
  16  0:43  Refinery  
  16  0:50  SCV  
  17  1:02  SCV  
  18  1:14  SCV  
  19  1:26  Orbital Command, Reaper  
  20  1:42  Command Center  
  20  1:54  Barracks  
  20  1:57  SCV  
  20  2:00  Barracks Reactor  
  21  2:08  Supply Depot  
  21  2:09  SCV  
  21  2:15  Refinery  
  22  2:22  SCV  
  23  2:33  Factory  
  23  2:35  SCV  
  24  2:38  Marine x2  
  24  2:41  Barracks Tech Lab  
  26  2:47  SCV  
  27  2:54  Orbital Command  
  27  2:56  Marine x2  
  29  3:02  SCV  
  30  3:08  Engineering Bay  
  30  3:10  Marine  
  31  3:14  Marine  
  31  3:15  Marine  
  31  3:18  SCV  
  34  3:26  Siege Tank  
  37  3:29  SCV  
  37  3:32  Marine x2  
  40  3:38  Missile Turret  
  40  3:41  Supply Depot  
  40  3:44  SCV  
  40  3:45  Marine  
  40  3:47  SCV  
  43  3:55  Marine  
  43  3:59  Marine  
  43  4:02  Siege Tank  
  48  4:03  Supply Depot  
  48  4:05  SCV  
  48  4:06  SCV  
  50  4:11  Marine  
  51  4:17  SCV  
  51  4:18  SCV  
  51  4:19  Barracks Tech Lab  
  51  4:20  Supply Depot  
  51  4:23  Marine  
  54  4:29  SCV, Marine  
  56  4:35  Siege Tank  
  56  4:36  Missile Turret  
  59  4:41  SCV, Marine  
  59  4:42  SCV  
  59  4:45  Bunker  
  62  4:46  Supply Depot  
  62  4:49  Stimpack  
  61  4:59  Marine x3  
  62  5:00  SCV  
  65  5:08  Siege Tank  
  65  5:09  Supply Depot  
  65  5:10  SCV  
  65  5:12  SCV  
  70  5:19  Supply Depot  
  68  5:21  Barracks  
  68  5:22  SCV  
  68  5:24  SCV  
  68  5:26  Marine x3  
  71  5:32  Starport  
  71  5:34  SCV  
  71  5:37  SCV  
  72  5:44  Marine x2  
  72  5:46  SCV  
  71  5:52  SCV  
  71  5:55  Marine  
  70  5:59  SCV  
  70  6:02  Marine  
  70  6:03  Barracks  
  72  6:06  SCV  
  72  6:08  Factory Reactor  
  65  6:18  SCV  
  66  6:26  Marine  
  66  6:27  Marine  
  66  6:28  Barracks Tech Lab, Starport Reactor  
  66  6:30  Barracks  
  66  6:32  SCV x2, Barracks  
  70  6:33  Terran Infantry Weapons Level 1  
  70  6:37  Marine  
  70  6:39  Command Center  
  69  6:44  SCV x2, Marine  
  69  6:45  Marine  
  73  6:51  Refinery, Combat Shields  
  73  6:52  Refinery, Barracks  
  73  6:53  Widow Mine x2  
  76  6:54  Marine  
  76  6:56  SCV x2  
  78  7:03  Marauder  
  78  7:06  Supply Depot  
  78  7:07  Supply Depot  
  80  7:08  SCV x2  
  80  7:19  Marine x2  
  80  7:20  SCV, Marauder  
  80  7:21  Widow Mine x2  
  84  7:23  SCV  
  82  7:32  SCV  
  82  7:34  Medivac  
  82  7:35  Medivac, Barracks Reactor  
  82  7:36  Barracks Tech Lab  
  79  7:37  SCV  
  79  7:39  Concussive Shells, Marine x2, Marauder  
  79  7:40  Marauder  
  79  7:41  Barracks Tech Lab, Marauder  
  87  7:46  Supply Depot  
  87  7:49  Widow Mine x2  
  87  7:50  SCV x2  
  93  7:53  Orbital Command  
  93  7:59  Marine x2  
  93  8:00  Marauder  
  93  8:01  Marauder  
  93  8:03  SCV x2  
  101  8:07  Refinery  
  101  8:08  Refinery  
  101  8:12  Widow Mine x2, Marine  
  105  8:13  Marauder  
  105  8:15  SCV x2  
  110  8:21  Supply Depot, Marine  
  110  8:22  Supply Depot  
  110  8:23  Marine  
  110  8:24  Marine  
  110  8:27  SCV x2, Marauder, Terran Infantry Armor Level 1  
  115  8:33  Marine x3, Marauder  
  115  8:34  Marine  
  122  8:39  SCV x2  
  114  8:46  Marine x2  
  114  8:48  Marauder  
  114  8:51  SCV x2, Marine x2  
  114  8:52  Marauder  
  119  8:57  Medivac x2  
  119  9:01  SCV, Ghost Academy  
  124  9:03  SCV x2  
  124  9:04  Marine, Marauder  
  124  9:07  Marine x2  
  131  9:11  Liberator  
  131  9:12  Armory  
  131  9:13  SCV  
  131  9:15  SCV x2  
  131  9:16  Marine  
  131  9:17  Marine, Marauder  
  138  9:24  Marine, Marauder  
  138  9:25  SCV, Supply Depot  
  138  9:26  Supply Depot  
  138  9:27  Medivac  
  147  9:40  Marine, Marauder  
  147  9:41  Marine x3  
  147  9:42  Marauder  
  149  9:46  Marine  
  149  9:52  SCV  
  149  9:55  Marauder x2  
  149  9:58  Marine  
  149  9:59  Marine x2  
  157  10:04  Marine x2, Marauder  
  153  10:15  Command Center  
Tags
 
Add a new tag
Caveats
  • Supply blocks, unpowered buildings, or Contaminate may cause inaccurate times.
  • Supply counts are checked every 10 seconds.